 Dungeon Crawl Stone Soup version 0.28.0-47-ge53b351184 (webtiles) character file.

Game seed: 8798004719025187331

111 GigaChad the Covered (level 4, -5/40 HPs)
             Began as a Minotaur Fighter on May 4, 2022.
             Was a Believer of Zin.
             Killed by divine providence
             ... invoked by an orc priest
              (10 damage)
             ... on level 3 of the Dungeon.
             The game lasted 00:05:29 (1928 turns).

GigaChad the Covered (Minotaur Fighter)             Turns: 1928, Time: 00:05:30

Health: -5/40      AC:  7    Str: 20    XL:     4   Next: 62%
Magic:  3/3        EV:  9    Int:  7    God:    Zin [**....]
Gold:   65         SH:  4    Dex: 10    Spells: 3/3 levels left

rFire   . . .      SeeInvis .   a - +0 long sword
rCold   . . .      Faith    .   c - +0 buckler
rNeg    . . .      Spirit   .   b - +0 scale mail
rPois   .          Reflect  .   (helmet restricted)
rElec   .          Harm     .   (no cloak)
rCorr   .          Rampage  .   (no gloves)
Will    .....                   (no boots)
Stlth   ..........              (no amulet)
HPRegen 0.13/turn               (no ring)
MPRegen 0.08/turn               (no ring)

@: no status effects
A: horns 2, retaliatory headbutt
a: Renounce Religion, Recite, Vitalisation, Donate Gold


You were on level 3 of the Dungeon.
You worshipped Zin.
Zin was pleased with you.
You visited 1 branch of the dungeon, and saw 3 of its levels.

You collected 93 gold pieces.
You donated 28 gold pieces to Zin.

Inventory:

Hand Weapons
 a - a +0 long sword (weapon)
 g - a +0 long sword
Armour
 b - a +0 scale mail (worn)
 c - a +0 buckler (worn)
Jewellery
 k - a ring of protection from fire
Wands
 l - a wand of iceblast (12)
Scrolls
 e - a scroll of teleportation {unknown}
 h - a scroll of fog {unknown}
 i - a scroll of identify {unknown}
 j - a scroll of summoning {unknown}
 m - a scroll of blinking {unknown}
Potions
 d - a potion of might
 f - a potion of magic {unknown}
 n - a potion of attraction {unknown}


   Skills:
 + Level 4.3 Fighting
 + Level 3.9 Long Blades
 + Level 4.7 Armour
 + Level 0.5 Dodging
 + Level 4.1 Shields


You had 3 spell levels left.
You didn't know any spells.
Your spell library was empty.

Dungeon Overview and Level Annotations

Branches:
Dungeon (3/15)

Altars:
Makhleb
Qazlal
Zin


Innate Abilities, Weirdness & Mutations

You have a pair of horns on your head.
You reflexively headbutt those who attack you in melee.


Message History

You slash the orc!
You kill the orc!
The orc hits you from afar with a +0 trident.
An orc comes into view. It is wielding a +0 short sword.
The dart slug launches a dart at you.
The slug dart hits you but does no damage.
An orc priest comes into view. It is wielding a +0 club.
The orc shouts!
The orc priest shouts!
The orc hits you with a +0 trident.
Things that are here:
a +0 club; an orc corpse You hit the orc.
Your headbutt misses the orc.
The orc is heavily wounded.
The dart slug launches a dart at you. The slug dart hits you.
An endoplasm comes into view.
The orc barely misses you.
The orc priest invokes the aid of Beogh against you.
Beogh smites you!
* * * LOW HITPOINT WARNING * * *
You block the dart slug's attack. The orc hits you with a +0 trident.
* * * LOW HITPOINT WARNING * * *
The orc priest invokes the aid of Beogh against you.
You barely resist. The dart slug launches a dart at you.
The slug dart misses you.
A quokka comes into view.
Things that are here:
a +0 club; an orc corpse The orc closely misses you.
You block the orc's attack.
The dart slug briefly extends its eye-stalks.
The orc hits you from afar with a +0 trident.
* * * LOW HITPOINT WARNING * * *
The orc closely misses you.
You open the door.
The orc priest calls down the wrath of Beogh upon you.
Beogh smites you!
You die...

..##.#..#....###............
........#...................
.............###...#...§....
.............# ######≈§§####
..........#######⌠#⌠##§.#
........o.....##≈≈≈≈§#≈.#
...r....).o.#.##§§..≈#≈.#
........#wo.#.#⌠§§§.≈#≈.#
........##.@'.##§.§..'§.#
........#####.#⌠§§..≈#§##
........# ##§(.§§#≈#
........# #≈≈≈≈§#≈#
######### ##⌠#⌠##≈# #### ≈≈#
###


You could see an orc priest, a dart slug and 2 orcs.

Vanquished Creatures
  A hound (D:2)
  Ijyb (D:3)
  A dart slug (D:1)
  2 orcs (D:3)
  3 bats (D:1)
  3 endoplasms
  4 giant cockroaches
  7 goblins
  4 hobgoblins
  4 jackals (D:1)
  3 kobolds
  2 quokkas
  3 ball pythons
  3 frilled lizards
  6 rats
47 creatures vanquished.

Notes
Turn   | Place    | Note
-------+----------+-------------------------------------------
     0 | D:1      | GigaChad the Minotaur Fighter began the quest for the Orb.
     0 | D:1      | Reached XP level 1. HP: 19/19 MP: 0/0
    93 | D:1      | Reached XP level 2. HP: 23/27 MP: 1/1
   168 | D:1      | Found a faded altar of an unknown god.
   177 | D:1      | Prayed at the altar of an unknown god.
   177 | D:1      | Became a worshipper of Zin the Law-Giver
   177 | D:1      | Reached * piety under Zin
   328 | D:1      | Donated 19 gold pieces to Zin
   565 | D:1      | Reached XP level 3. HP: 33/33 MP: 2/2
  1107 | D:2      | Found a stormy altar of Qazlal.
  1129 | D:2      | Reached XP level 4. HP: 37/40 MP: 3/3
  1838 | D:3      | Noticed Ijyb
  1849 | D:3      | Killed Ijyb
  1876 | D:3      | Found a burning altar of Makhleb.
  1895 | D:3      | Reached ** piety under Zin
  1928 | D:3      | Killed from afar by an orc priest

Illustrated notes

Levels and vault maps discovered:
D:1:      lemuel_arrival_behind_the_door_small, layout_basic,
          chequers_ecumenical_altar_simple_redux
D:2:      layout_basic, basic_altar
D:3:      layout_basic, lightli_temple_of_fire, minmay_randomly_rotated_circles,
          uniq_ijyb

Skill      XL: |  1  2  3 |
---------------+----------+-----
Armour         | 4 |  4.7
Shields        | 4 |  4.1
Fighting       | 4 |  4.3
Long Blades    | 3 |  3.9
Dodging        | |  0.5

Action                   |  1- 3 |  4- 6 || total
-------------------------+-------+-------++-------
Melee: Long sword        |    58 |    26 ||    84
       Headbutt          |     6 |     4 ||    10
Invok: Donate Gold       |     1 |       ||     1
Armor: Scale mail        |    32 |    16 ||    48
Dodge: Dodged            |    40 |    18 ||    58
Block: Buckler           |    14 |     4 ||    18
